 Dungeon Crawl Stone Soup version 0.20.1-1-g8b1a95d (console) character file.

5231 hilaritas the Grappler (level 10, -2/96 HPs)
             Began as a Troll Fighter on Dec 2, 2017.
             Was a Follower of Uskayaw.
             Slain by a two-headed ogre
             ... wielding a +0 giant club
              (28 damage)
             ... on level 9 of the Dungeon.
             The game lasted 00:18:25 (8917 turns).

hilaritas the Grappler (Troll Fighter)              Turns: 8917, Time: 00:18:26

Health: -2/96      AC:  8    Str: 27    XL:     10   Next: 35%
Magic:  9/12       EV:  9    Int:  6    God:    Uskayaw [*.....]
Gold:   456        SH: 11    Dex:  9    Spells: 6/9 levels left

rFire    + . .     SeeInvis .     - Unarmed
rCold    . . .     Gourm    +   b - +1 shield
rNeg     . . .     Faith    +   a - +0 robe
rPois    .         Spirit   .   (helmet restricted)
rElec    .         Reflect  .   (no cloak)
rCorr    .         Harm     .   (gloves unavailable)
MR       .....                  (boots unavailable)
Stlth    +.........             n - amulet of faith
Regen    0.7/turn               y - +3 ring of protection
MPRegen  0.2/turn               D - ring of protection from fire

@: no status effects
A: unfitting armour, claws 3, fast metabolism 3, gourmand, regeneration 1,
shaggy fur 1, tough skin 2
a: Stomp, Renounce Religion


You were on level 9 of the Dungeon.
You worshipped Uskayaw.
Uskayaw was noncommittal.
You were completely stuffed.

You visited 2 branches of the dungeon, and saw 10 of its levels.

You collected 456 gold pieces.

Inventory:

Hand Weapons
 x - a +2 whip of venom
Armour
 a - a +0 robe (worn)
 b - a +1 shield (worn)
Jewellery
 n - an amulet of faith (around neck)
 y - a +3 ring of protection (left claw)
 D - a ring of protection from fire (right claw)
Wands
 l - a wand of confusion (30/48)
 m - a wand of iceblast (15/15)
 A - a wand of lightning (6/15)
 C - a wand of flame (15/48)
Scrolls
 e - 3 scrolls of enchant weapon
 h - 10 scrolls of remove curse
 j - 2 scrolls of teleportation
 B - 2 scrolls of magic mapping
 E - 2 scrolls of identify
Potions
 c - a potion of might
 i - 2 potions of curing
 k - 2 potions of mutation {unknown}
 o - 6 potions of lignification {unknown}
 p - a potion of invisibility {unknown}
 q - a potion of degeneration {unknown}
 r - a potion of haste {unknown}
 s - a potion of berserk rage {unknown}
 t - a potion of heal wounds {unknown}
 u - a potion of agility {unknown}
 v - a potion of flight {unknown}
 w - a potion of brilliance {unknown}
Comestibles
 d - 5 bread rations
 f - 2 fruits
 g - 4 meat rations
 z - 10 royal jellies
 F - 4 chunks of flesh


   Skills:
 * Level 5.5 Fighting
 * Level 2.6 Armour
 - Level 2.4 Dodging
 + Level 6.4 Shields
 - Level 10.5 Unarmed Combat
 * Level 4.8 Invocations


You had 6 spell levels left.
You knew the following spells:

 Your Spells              Type           Power        Failure   Level  Hunger
a - Blink                 Tloc           N/A          77%         2    ###....
b - Confusing Touch       Hex            #.....       63%         1    ##.....


Dungeon Overview and Level Annotations

Branches:
Dungeon (9/15)             Temple (1/1) D:4
   Lair: D:8-11         Orc: D:9-12

Altars:
Ashenzari
Cheibriados
Dithmenos
Elyvilon
Fedhas
Gozag
Hepliaklqana
Kikubaaqudgha
Makhleb
Nemelex Xobeh
Okawaru
Qazlal
Ru
Sif Muna
Trog
Uskayaw
Vehumet
Xom
Yredelemnul
Zin
The Shining One


Innate Abilities, Weirdness & Mutations

You are too large for most types of armour.
You have claws for hands.
Your metabolism is lightning-fast.
You like to eat raw meat.
Your natural rate of healing is unusually fast.
You are covered in fur. (AC +1)
You have very tough skin. (AC +2)


Message History

Evoke which item? (* to show all) (? for menu, Esc to quit)
Aiming: Throw Flame (will waste charges)
Press: ? - help, Shift-Dir - straight line, f/p - two-headed ogre
Aim: a two-headed ogre, wielding a giant club and a giant spiked club (lightly wounded)
The puff of flame hits the two-headed ogre.
The two-headed ogre is lightly wounded.
Evoking this partially-identified wand wasted a few charges.
You stomp with the beat, sending a shockwave through the revelers around you!
The two-headed ogre is moderately wounded.
You feel somewhat less full.
You can no longer stomp with the beat.
The two-headed ogre hits you with a giant club!!
The two-headed ogre hits you with a giant spiked club!
You can now stomp with the beat.
You claw the two-headed ogre!
The two-headed ogre is heavily wounded.
The two-headed ogre hits you with a giant club!!!
* * * LOW HITPOINT WARNING * * *
The two-headed ogre hits you with a giant spiked club!!
You die...

............########.
.....................
................)....
........)............
.....................
(....................
........<............
#######..............
##########..............
......$.................
####..@................
#.O.................
#...................
.....................
......................
...########............#
#.. ...######...# #. ...
..... .... .... >...


You could see a two-headed ogre.

Vanquished Creatures
  A two-headed ogre (D:8)
  A queen bee (D:9)
  A hippogriff (D:8)
  A wyvern (D:9)
  A hungry ghost (D:8)
  3 sky beasts
  2 orc warriors
  An ice beast (D:7)
  A phantom (D:8)
  5 ogres
  A crocodile (D:7)
  A centaur (D:7)
  6 bullfrogs
  A water moccasin zombie (D:8)
  2 scorpions
  16 killer bees
  3 wights (D:8)
  A crimson imp (D:8)
  13 orc wizards
  A centaur skeleton (D:5)
  2 centaur zombies
  3 hounds (D:6)
  2 jellies
  3 orc priests
  2 bullfrog skeletons
  3 iguanas
  Natasha (thrice) (D:2)
  2 worker ants
  A hound zombie (D:9)
  2 hound skeletons
  A worker ant zombie (D:8)
  8 gnolls
  13 adders
  2 shadow imps
  An ooze (D:3)
  An adder skeleton (D:8)
  3 dart slugs (D:1)
  7 leopard geckos
  25 orcs
  3 ball pythons (D:2)
  9 bats
  3 giant cockroaches
  8 goblins
  8 hobgoblins
  2 jackals (D:3)
  9 kobolds
  5 frilled lizards
  A leopard gecko zombie (D:7)
  2 quokka zombies
  3 rats
199 creatures vanquished.

Notes
Turn   | Place    | Note
-------+----------+-------------------------------------------
     0 | D:1      | hilaritas the Troll Fighter began the quest for the Orb.
     0 | D:1      | Reached XP level 1. HP: 22/22 MP: 0/0
    78 | D:1      | Reached XP level 2. HP: 27/29 MP: 1/1
   482 | D:2      | Reached XP level 3. HP: 36/36 MP: 2/2
   813 | D:2      | Reached skill level 3 in Unarmed Combat
  1211 | D:2      | Noticed Natasha
  1218 | D:2      | Killed Natasha
  1218 | D:2      | Reached XP level 4. HP: 28/44 MP: 3/3
  1406 | D:2      | Noticed Natasha
  1413 | D:2      | Killed Natasha
  1413 | D:2      | Reached skill level 4 in Unarmed Combat
  1728 | D:2      | Noticed Natasha
  1734 | D:2      | Killed Natasha
  1734 | D:2      | Reached XP level 5. HP: 30/53 MP: 4/4
  1978 | D:3      | Found a glowing golden altar of the Shining One.
  2128 | D:3      | Found a faded altar of an unknown god.
  2706 | D:4      | Got an ancient dagger
  2707 | D:4      | Identified the cursed +1 dagger of Disharmony {pierce, rC- Int+6} (You found it on level 4 of the Dungeon)
  2718 | D:4      | Reached skill level 5 in Unarmed Combat
  2921 | D:4      | Found a shadowy altar of Dithmenos.
  3018 | D:4      | Noticed an ogre
  3036 | D:4      | Reached XP level 6. HP: 32/61 MP: 5/5
  3085 | D:4      | Found a staircase to the Ecumenical Temple.
  3091 | Temple   | Entered the Ecumenical Temple
  3135 | Temple   | Became a worshipper of Uskayaw the Reveler
  3229 | D:4      | Found an iron altar of Okawaru.
  3485 | D:5      | Entered Level 5 of the Dungeon
  3629 | D:5      | Reached * piety under Uskayaw
  3691 | D:5      | Learned a level 2 spell: Blink
  3707 | D:5      | Reached ** piety under Uskayaw
  3775 | D:5      | Found a deep blue altar of Sif Muna.
  3776 | D:5      | Found an ancient bone altar of Kikubaaqudgha.
  3778 | D:5      | Found a radiant altar of Vehumet.
  3782 | D:5      | Identified Sif Muna's Guide on the Oath
  3786 | D:5      | Learned a level 1 spell: Confusing Touch
  3828 | D:5      | Reached skill level 6 in Unarmed Combat
  3835 | D:5      | Reached *** piety under Uskayaw
  3876 | D:5      | Reached XP level 7. HP: 18/67 MP: 6/6
  4251 | D:5      | Reached skill level 1 in Invocations
  4980 | D:6      | Reached **** piety under Uskayaw
  4982 | D:6      | Reached skill level 7 in Unarmed Combat
  5026 | D:6      | Reached XP level 8. HP: 58/78 MP: 8/8
  5837 | D:7      | Reached skill level 8 in Unarmed Combat
  6510 | D:7      | Reached skill level 5 in Shields
  6637 | D:7      | Found a basalt altar of Yredelemnul.
  6637 | D:7      | Found a blossoming altar of Fedhas.
  6637 | D:7      | Found a snail-covered altar of Cheibriados.
  6637 | D:7      | Found a sacrificial altar of Ru.
  6645 | D:7      | Reached skill level 9 in Unarmed Combat
  6667 | D:7      | Reached XP level 9. HP: 70/84 MP: 10/10
  7453 | D:8      | Noticed a two-headed ogre
  7463 | D:8      | Killed a two-headed ogre
  7463 | D:8      | Reached skill level 10 in Unarmed Combat
  7570 | D:8      | Found a sparkling altar of Nemelex Xobeh.
  7599 | D:8      | Reached skill level 1 in Armour
  7787 | D:8      | Found a hazy altar of Hepliaklqana.
  8044 | D:8      | Reached skill level 5 in Fighting
  8079 | D:8      | Reached XP level 10. HP: 94/96 MP: 12/12
  8196 | D:8      | Reached ***** piety under Uskayaw
  8474 | D:9      | Reached ****** piety under Uskayaw
  8911 | D:9      | Noticed a two-headed ogre
  8917 | D:9      | Slain by a two-headed ogre

Skill      XL: |  1  2  3  4  5  6  7  8  9 10 |
---------------+-------------------------------+-----
Unarmed Combat | 3 4 5 6 7 9 10 | 10.5
Fighting       | 3 4 5 |  5.5
Shields        | 3 4 5 6 |  6.4
Invocations    | 1 2 4 |  4.8
Armour         | 1 2 |  2.6
Dodging        | |  2.4

Action                   |  1- 3 |  4- 6 |  7- 9 | 10-12 || total
-------------------------+-------+-------+-------+-------++-------
Melee: Unarmed           |   101 |    94 |   359 |   111 ||   665
       Dagger            |       |    88 |       |       ||    88
Invok: Stomp             |       |       |     1 |     2 ||     3
       Line Pass         |       |       |     1 |       ||     1
Evoke: Wand              |       |       |     1 |     3 ||     4
  Use: Scroll            |       |     9 |     4 |     1 ||    14
       Potion            |       |     1 |       |     3 ||     4
 Stab: Sleeping          |       |     1 |       |     1 ||     2
       Paralysed         |       |     1 |    10 |     3 ||    14
       Confused          |       |       |     1 |       ||     1
  Eat: Chunk             |    16 |    19 |    40 |    14 ||    89
       Fruit             |       |       |     5 |       ||     5
Armor: Robe              |    27 |    77 |    76 |    22 ||   202
Dodge: Dodged            |    36 |    59 |    81 |    34 ||   210
Block: Shield            |    44 |   101 |   158 |    55 ||   358
